 Dungeon Crawl Stone Soup version 0.31-a0-233-g139696dc86 (webtiles) character file.

Game seed: 15943457734721385453

58 Shard1697 the Cudgeller (level 3, -2/32 HPs)
             Began as an Armataur Fighter on July 7, 2023.
             Slain by a gnoll
             ... wielding a +2 whip of electrocution
              (4 damage)
             ... on level 1 of the Dungeon.
             The game lasted 00:01:06 (1478 turns).

Shard1697 the Cudgeller (Armataur Fighter)          Turns: 1478, Time: 00:01:06

Health: -2/32      AC:  6    Str: 17 (21) XL:     3   Next: 76%
Magic:  3/3        EV:  7    Int:  4 (8)  God:
Gold:   38         SH:  4    Dex: 10 (11) Spells: 2/2 levels left

rFire   . . .        a - +0 flail
rCold   . . .        c - +0 buckler
rNeg    . . .        b - +0 scale mail
rPois   .            (no helmet)
rElec   .            (no cloak)
rCorr   .            (no gloves)
SInv    .            (no barding)
Will    .....        (no amulet) Stlth
                     (no ring)
HPRegen 0.25/turn    (no ring)
MPRegen 0.08/turn

%: roll
@: no status effects
A: large, rugged brown scales 3, deformed body, armoured tail, roll, long
tongue, awkward tongue
a: no special abilities


You were on level 1 of the Dungeon.
You visited 1 branch of the dungeon, and saw 2 of its levels.

You collected 38 gold pieces.

Inventory:

Hand Weapons
 a - a +0 flail (weapon)
Missiles
 m - 2 throwing nets
Armour
 b - a +0 scale mail (worn)
 c - a +0 buckler (worn)
Wands
 o - a wand of flame (19)
Scrolls
 f - a scroll of enchant armour {unknown}
 h - a scroll of identify {unknown}
 i - a scroll of revelation {unknown}
 n - a scroll of noise {unknown}
Potions
 d - a potion of might
 e - a potion of attraction {unknown}
 k - a potion of enlightenment {unknown}


   Skills:
 - Level 2.6 Fighting
 + Level 3.8 Maces & Flails
 - Level 3.6 Armour
 - Level 3.2 Shields


You had 2 spell levels left.
You didn't know any spells.
Your spell library contained the following spells:

 Spells                   Type           Power      Damage    Failure   Level
 Ensorcelled Hibernation  Hex/Ice        0%         N/A       98%         2
 Passwall                 Tmut/Erth      0%         N/A       98%         2
 Swiftness                Air            0%         N/A       100%        3


Dungeon Overview and Level Annotations

Branches:
Dungeon (2/15)

Altars:


Innate Abilities, Weirdness & Mutations

You are completely covered in rugged brown scales. (AC +3, +7% HP)
Armour fits poorly on your strangely shaped body.
You have a long armoured tail.
You roll when moving toward enemies. (Rampage)
Your long tongue fully drains potion bottles. (2x potion effects)
Your tongue gives you trouble enunciating. (1.5x scroll delay)


Message History

There is a stone staircase leading down, spattered with blood here.
You hit the gnoll.
The gnoll is lightly wounded.
The gnoll barely misses you.
You hit the gnoll.
The gnoll is moderately wounded.
You block the gnoll's attack.
You sock the gnoll!
The gnoll is severely wounded.
The gnoll hits you with a +0 whip. x2
You hit the gnoll but do no damage.
The gnoll is severely wounded.
The gnoll hits you with a +0 whip.
You thump the gnoll!
You kill the gnoll!
You feel your dexterity returning.
You see here a +0 whip.
There is a stone staircase leading down, spattered with blood here.
You start resting.
HP restored.
You climb downwards.
The gnoll barely misses you.
There is a stone staircase leading up, spattered with blood here.
You closely miss the gnoll. You tail-slap the gnoll.
The gnoll is heavily wounded.
You block the gnoll's attack.
The gnoll hits you from afar with a +0 halberd!
You block the gnoll's attack. The gnoll barely misses you.
You block the gnoll's attack.
You climb upwards.
There is a stone staircase leading down, spattered with blood here.
You hit the gnoll.
The gnoll is heavily wounded.
The gnoll hits you with a +2 whip of electrocution.
You are electrocuted!
Ouch! That really hurt!
* * * LOW HITPOINT WARNING * * *
You hit the gnoll but do no damage.
The gnoll is heavily wounded.
The gnoll hits you with a +2 whip of electrocution.
You die...

##..........#.##...#.######.#
#.....##..#.#.##.#.#...####.#
#.....##....#............##.#
#..#####.#..####.(.......##.#
#### #.##># ##.........##.#
#.##.###....#.#...##.#
#.##.##...........##.#
#.#.....g...#.#...##.#
########+#..####@........##.#
#...........####.).......##.#
#........................##.#
#............#######.###.##.#
#......(.....#...# #.# #.##.#
########'#...#.#.###.# #.##.#
#.#.........#.# #.##.#
#.#.......#.#.# #.##.#
#.#.......#.#.# #.##.#


You could see a gnoll.

Vanquished Creatures
  2 gnolls (D:1)
  2 adders
  A worm (D:2)
  A ball python (D:1)
  2 bats (D:1)
  2 giant cockroaches (D:1)
  4 hobgoblins (D:1)
  A quokka (D:1)
  2 frilled lizards (D:1)
  3 rats (D:1)
20 creatures vanquished.

Notes
Turn   | Place    | Note
-------+----------+-------------------------------------------
     0 | D:1      | Shard1697 the Armataur Fighter began the quest for the Orb.
     0 | D:1      | Reached XP level 1. HP: 19/19 MP: 1/1
   143 | D:1      | Reached XP level 2. HP: 16/26 MP: 2/2
   803 | D:1      | Found a faded altar of an unknown god.
  1209 | D:1      | Reached XP level 3. HP: 11/32 MP: 3/3
  1478 | D:1      | Slain by a gnoll

Illustrated notes

Levels and vault maps discovered:
D:1:      beargit_arrival_greenhouse, layout_basic,
          shapermc_ecumenical_altar_flowoftime, st_stairs_2, chequers_arboretum,
          corexii_item_surrounded_by_moat
D:2:      layout_loops_corners, uniq_robin

Skill      XL: |  1  2 |
---------------+-------+-----
Maces & Flails | 2 3 |  3.8
Fighting       | |  2.6
Armour         | |  3.6
Shields        | |  3.2

Action                     || total
---------------------------++-------
  Melee: Flail             ||    82
         Tailslap          ||     4
    Use: Potion            ||     3
 Armour: Scale mail        ||    49
  Dodge: Dodged            ||    37
  Block: Buckler           ||    30

Table legend: (Time is in decaauts)
 A = Elapsed time spent in this place.
 B = Non-inter-level travel time spent in this place.
 C = Inter-level travel time spent in this place.
 D = Time resting spent in this place.
 E = Time spent auto-exploring this place.
 F = Levels seen in this place.
 G = Mean time per level.
                   A        B        C        D        E       F      G
               +--------+--------+--------+--------+--------+-----+--------+
         Total |   1485 |   1457 |     28 |    307 |    938 |   2 |  742.5 |
       Dungeon |   1485 |   1457 |     28 |    307 |    938 |   2 |  742.5 |
               +--------+--------+--------+--------+--------+-----+--------+

Top non-repeatable levels by time:
     D:1: 1328 daAuts
     D:2: 156 daAuts
